[Event "December 19 Late 2023"]
[Site "https://www.chess.com"]
[Date "2023.12.19"]
[Round "4"]
[White "Lazavik, Denis"]
[Black "Khlebovich, Alexander"]
[Result "1-0"]
[Board "18"]
[TimeControl "180+1"]
[WhiteFideId "13515110"]
[BlackFideId "4169123"]
[WhiteElo "2556"]
[BlackElo "2334"]
[WhiteTeam "BLR"]
[BlackTeam "RUS"]
[WhiteClock "0:01:40"]
[BlackClock "0:00:10"]

1. d4 Nf6 2. c4 g6 3. g3 Bg7 4. Bg2 d5 5. cxd5 Nxd5 6. Nf3 O-O 7. O-O c5 8. e4 Nf6 9. e5 Nd5 10. dxc5 Nc6 11. Na3 Ndb4 12. Be3 Bf5 13. Qb3 Be6 14. Qa4 Qa5 15. Qxa5 Nxa5 16. Nd4 Bxe5 17. Nxe6 fxe6 18. Bd2 Nac6 19. Nc4 Nd5 20. Nxe5 Nxe5 21. Rae1 Nf3+ 22. Bxf3 Rxf3 23. Rxe6 Rc8 24. Re5 Rd3 25. Bg5 Rxc5 26. Bxe7 Rc2 27. Bg5 Kf7 28. Rfe1 Rxb2 29. Re8 Rf3 30. Bh6 1-0

[Event "December 19 Late 2023"]
[Site "https://www.chess.com"]
[Date "2023.12.19"]
[Round "4"]
[White "Seemann, Jakub"]
[Black "Paravyan, David"]
[Result "1/2-1/2"]
[Board "19"]
[TimeControl "180+1"]
[WhiteFideId "21874697"]
[BlackFideId "4194985"]
[WhiteElo "2332"]
[BlackElo "2566"]
[WhiteTeam "POL"]
[BlackTeam "FID"]
[WhiteClock "0:01:34"]
[BlackClock "0:00:13"]

1. d4 d5 2. c4 dxc4 3. Nf3 Nf6 4. e3 e6 5. Bxc4 c5 6. O-O Nc6 7. Nc3 a6 8. Re1 b5 9. Bf1 Bb7 10. dxc5 Bxc5 11. a3 O-O 12. b4 Qxd1 13. Rxd1 Be7 14. Bb2 Rfd8 15. Rac1 Rxd1 16. Rxd1 Kf8 17. Bd3 h6 18. Kf1 Ke8 19. Ne4 Nxe4 20. Bxe4 f5 21. Bxc6+ Bxc6 22. Bxg7 a5 23. Bc3 Rc8 24. Be1 axb4 25. Bxb4 Bxb4 26. axb4 Bxf3 27. gxf3 Rc4 28. Rd4 Rxd4 29. exd4 Ke7 30. Ke2 Kd6 31. h4 Kd5 32. Kd3 h5 33. Kc3 e5 34. dxe5 Kxe5 35. Kd3 f4 36. Kc3 Kd5 37. Kd3 Ke5 38. Kc3 Kd5 39. Kd3 Ke5 1/2-1/2

[Event "December 19 Late 2023"]
[Site "https://www.chess.com"]
[Date "2023.12.19"]
[Round "4"]
[White "Deac, Bogdan-Daniel"]
[Black "Gubajdullin, Alexei"]
[Result "1-0"]
[Board "20"]
[TimeControl "180+1"]
[WhiteFideId "1226380"]
[BlackFideId "4141202"]
[WhiteElo "2641"]
[BlackElo "2274"]
[WhiteTeam "ROU"]
[BlackTeam "RUS"]
[WhiteClock "0:01:53"]
[BlackClock "0:00:38"]

1. b3 e5 2. Bb2 d6 3. e3 Nd7 4. d4 g6 5. g3 Bg7 6. Bg2 Ne7 7. c4 O-O 8. Ne2 Nf5 9. d5 h5 10. h3 Nf6 11. e4 Ne7 12. Nbc3 h4 13. g4 Nh7 14. f4 exf4 15. Nxf4 c6 16. O-O Ng5 17. Qd2 Qb6+ 18. Kh1 Qd4 19. Qc2 cxd5 20. Rad1 Qc5 21. Ncxd5 Nxd5 22. Nxd5 Be5 23. b4 Qc6 24. Ne7+ 1-0

[Event "December 19 Late 2023"]
[Site "https://www.chess.com"]
[Date "2023.12.19"]
[Round "4"]
[White "Bardyk, Artem"]
[Black "Bortnyk, Olexandr"]
[Result "0-1"]
[Board "21"]
[TimeControl "180+1"]
[WhiteFideId "34349979"]
[BlackFideId "14120828"]
[WhiteElo "2300"]
[BlackElo "2731"]
[WhiteTeam "RUS"]
[BlackTeam "UKR"]
[WhiteClock "0:00:00"]
[BlackClock "0:00:13"]

1. e4 Nf6 2. e5 Nd5 3. Nc3 Nb6 4. a4 a5 5. d4 d5 6. Nf3 Bg4 7. h3 Bxf3 8. Qxf3 e6 9. Qg3 Nc6 10. Bb5 Qd7 11. Ne2 h5 12. h4 Nc8 13. c3 N8a7 14. Bd3 Ne7 15. Bg5 c5 16. dxc5 Qc7 17. Nd4 Qxc5 18. Be3 Qc7 19. Rd1 Nec6 20. Nb5 Nxb5 21. Bxb5 g6 22. f4 Be7 23. O-O Kf8 24. Bd3 Qd8 25. Bf2 Rc8 26. Qh3 Nb8 27. g3 Bc5 28. Qg2 Qb6 29. Bxc5+ Rxc5 30. Qf2 Ke7 31. Bb5 Nd7 32. Kg2 Rc7 33. Bxd7 Qxf2+ 34. Kxf2 Kxd7 35. Rd4 Rb8 36. Ra1 b5 37. axb5 Rxb5 38. Ra2 Rcb7 39. Rd2 Kc6 40. Ke3 Kd7 41. Kd3 Ke7 42. Kc2 f6 43. Rd4 Rc5 44. Ra1 Rb8 45. Rda4 Rbb5 46. Re1 Kf7 47. Rea1 Kg7 48. R1a2 fxe5 49. fxe5 g5 50. Ra1 d4 51. Rxd4 Rxe5 52. Rd2 Re3 53. hxg5 Rxg5 0-1

[Event "December 19 Late 2023"]
[Site "https://www.chess.com"]
[Date "2023.12.19"]
[Round "4"]
[White "Grigoriants, Sergey"]
[Black "slidingknight2775"]
[Result "1/2-1/2"]
[Board "22"]
[TimeControl "180+1"]
[WhiteFideId "4130804"]
[WhiteElo "2532"]
[BlackElo "2640"]
[WhiteTeam "HUN"]
[WhiteClock "0:00:07"]
[BlackClock "0:00:10"]

1. d4 d5 2. c4 e6 3. Nc3 a6 4. cxd5 exd5 5. Nf3 Nf6 6. Bg5 Be6 7. e3 Nbd7 8. Bd3 Bd6 9. O-O c6 10. Kh1 h6 11. Bh4 Qc7 12. Rc1 O-O 13. Nd2 Rfe8 14. f4 Ng4 15. f5 Nxe3 16. fxe6 Rxe6 17. Qh5 Nxf1 18. Rxf1 Nf8 19. Nf3 Rae8 20. Qg4 Kh8 21. a3 Ng6 22. Bg3 Bxg3 23. hxg3 Rf6 24. Ne2 Qc8 25. Qxc8 Rxc8 26. Bxg6 fxg6 27. Rc1 Re8 28. Ne5 Rf2 29. Rc2 Kh7 30. Kg1 Rff8 31. Nf4 g5 32. Nfd3 Re7 33. g4 Rfe8 34. b4 Ra8 35. Rc5 Kg8 36. a4 Kh7 37. a5 Rf8 38. Rc3 Rf6 39. Rc2 Rf8 40. Rd2 Rf6 41. Re2 Rf8 42. g3 Rfe8 43. Kg2 Kg8 44. Nc5 Kh7 45. Re3 Rf8 46. Rc3 Rfe8 47. Rc2 Rf8 48. Ncd7 Rd8 49. Nc5 Rde8 50. Rc1 Rf8 51. Rd1 Rfe8 52. Kf3 Rf8+ 53. Ke3 Rfe8 54. Rf1 Kg8 55. Kd3 Kh7 56. Rf2 Kg8 57. Kc3 Kh7 58. Kb3 Kg8 59. Ka4 Rc7 60. Rf3 Rce7 61. Kb3 Kh7 62. Kc3 Kg8 63. Ncd7 Kh7 64. Nf8+ Kg8 65. Nfd7 Kh7 66. Nc5 Kg8 67. Rf2 Kh7 68. Kb3 Kg8 69. b5 axb5 70. Kb4 Ra8 71. Nb3 Kh7 72. Kc5 Kg8 73. Kd6 Rae8 74. Nc5 Kh7 75. Ned7 Kg8 76. Nxb7 Re6+ 77. Kc7 Re3 78. Nbc5 Rxg3 79. a6 Ra8 80. Ra2 Rxg4 81. Kb7 Rxa6 82. Rxa6 Rxd4 83. Rxc6 b4 84. Rb6 g4 85. Ne5 g3 86. Rg6 b3 87. Rxg3 Rb4+ 88. Kc6 b2 89. Rg1 b1=Q 90. Rxb1 Rxb1 91. Kxd5 Rd1+ 92. Ke4 Kh7 93. Ne6 Re1+ 94. Kf5 g6+ 95. Kf4 g5+ 96. Kf5 Rf1+ 97. Kg4 Rg1+ 98. Kf5 Rf1+ 99. Kg4 Kg8 100. Kh5 Rh1+ 101. Kg6 Re1 102. Kf6 Rxe5 103. Kxe5 Kh7 104. Kf5 g4 105. Kxg4 Kg6 106. Nf4+ Kf6 107. Kh5 Ke5 108. Kxh6 1/2-1/2

[Event "December 19 Late 2023"]
[Site "https://www.chess.com"]
[Date "2023.12.19"]
[Round "4"]
[White "Colbow, Collin"]
[Black "Chigaev, Maksim"]
[Result "1/2-1/2"]
[Board "23"]
[TimeControl "180+1"]
[WhiteFideId "16201132"]
[BlackFideId "4108116"]
[WhiteElo "2321"]
[BlackElo "2561"]
[WhiteTeam "GER"]
[BlackTeam "ESP"]
[WhiteClock "0:00:10"]
[BlackClock "0:00:07"]

1. e4 e5 2. Nf3 Nc6 3. Bc4 Nf6 4. d3 Bc5 5. a4 a5 6. Nc3 h6 7. Be3 Bb4 8. Qe2 d6 9. h3 Be6 10. Bxe6 Bxc3+ 11. bxc3 fxe6 12. O-O O-O 13. Nd2 Qe8 14. d4 b6 15. f4 exf4 16. Bxf4 e5 17. Qc4+ Kh7 18. d5 exf4 19. dxc6 Qe5 20. Rae1 Rae8 21. Nf3 Qc5+ 22. Qxc5 dxc5 23. e5 Nd5 24. c4 Nb4 25. c3 Nxc6 26. Re4 g5 27. Rd1 Kg6 28. Re2 Re6 29. Rd7 Rf7 30. Rd5 Rfe7 31. g4 fxg3 32. Kg2 Kf5 33. Kxg3 Nxe5 34. Nd4+ cxd4 35. cxd4 c6 36. Rf2+ Kg6 37. Rxe5 Rxe5 38. dxe5 Rxe5 39. Rb2 Rc5 40. Rxb6 Kf5 41. Ra6 h5 42. Kf3 Ke5 43. Ke3 g4 44. hxg4 hxg4 45. Ra8 g3 46. Kf3 Kd4 47. Kxg3 Kxc4 48. Rb8 Rd5 49. Kf4 c5 50. Ke3 Rd3+ 51. Ke2 Rb3 52. Ra8 Kb4 53. Rc8 c4 54. Kd2 Rd3+ 55. Kc2 Rh3 56. Kc1 c3 57. Rc7 Rh2 58. Rc6 Kb3 59. Rb6+ Kxa4 60. Rc6 Kb4 61. Rb6+ Kc4 62. Rc6+ Kb4 63. Rb6+ Kc5 64. Rb8 a4 65. Rc8+ Kb4 66. Rb8+ Kc4 67. Rc8+ Kb3 68. Rb8+ Ka3 69. Rc8 Rh3 70. Kc2 Kb4 71. Rb8+ Ka5 72. Rc8 Kb4 73. Rb8+ Ka3 74. Rc8 Rg3 75. Rxc3+ Rxc3+ 76. Kxc3 Ka2 77. Kc2 a3 78. Kc1 Kb3 79. Kb1 a2+ 80. Ka1 Ka3 1/2-1/2

[Event "December 19 Late 2023"]
[Site "https://www.chess.com"]
[Date "2023.12.19"]
[Round "4"]
[White "Ibarra Jerez, Jose Carlos"]
[Black "Rodgers, Jack"]
[Result "1-0"]
[Board "24"]
[TimeControl "180+1"]
[WhiteFideId "2226332"]
[BlackFideId "3220885"]
[WhiteElo "2634"]
[BlackElo "2107"]
[WhiteTeam "ESP"]
[BlackTeam "AUS"]
[WhiteClock "0:00:18"]
[BlackClock "0:00:00"]

1. e4 c5 2. Nf3 g6 3. c3 Bg7 4. d4 cxd4 5. cxd4 d5 6. e5 Bg4 7. Bb5+ Nd7 8. Nbd2 a6 9. Bd3 e6 10. h3 Bxf3 11. Nxf3 Ne7 12. O-O O-O 13. Re1 Nc6 14. b3 Rc8 15. h4 h5 16. a3 b5 17. Be3 Qb6 18. Bb1 b4 19. a4 Ne7 20. Ng5 Rc3 21. Ra2 Rfc8 22. Qf3 Rf8 23. Rb2 a5 24. g4 Nxe5 25. dxe5 d4 26. Rbe2 dxe3 27. Rxe3 hxg4 28. Qxg4 Rxe3 29. Rxe3 Nf5 30. Bxf5 exf5 31. Qc4 Bh6 32. e6 Bxg5 33. hxg5 Qd8 34. e7 Qd1+ 35. Kg2 Re8 36. Qf4 Qd5+ 37. Kh2 Qd7 38. Qe5 f4 39. Rh3 1-0

[Event "December 19 Late 2023"]
[Site "https://www.chess.com"]
[Date "2023.12.19"]
[Round "4"]
[White "Rogov, Matfey"]
[Black "Salinas Herrera, Pablo"]
[Result "1/2-1/2"]
[Board "25"]
[TimeControl "180+1"]
[WhiteFideId "44191308"]
[BlackFideId "3407128"]
[WhiteElo "2057"]
[BlackElo "2538"]
[WhiteTeam "RUS"]
[BlackTeam "CHI"]
[WhiteClock "0:00:05"]
[BlackClock "0:00:09"]

1. Nc3 c5 2. e4 a6 3. g3 b5 4. Bg2 Bb7 5. d3 d6 6. Nh3 g6 7. O-O Bg7 8. f4 Nd7 9. Be3 Rb8 10. Rb1 Ngf6 11. g4 O-O 12. g5 Ne8 13. Ne2 Nc7 14. Ng3 b4 15. Nf2 a5 16. h4 d5 17. h5 a4 18. hxg6 hxg6 19. Qg4 b3 20. axb3 axb3 21. c3 c4 22. dxc4 dxe4 23. Rbd1 Qc8 24. Qxd7 Ne6 25. Qxc8 Rfxc8 26. Bxe4 Bxe4 27. Nfxe4 Rxc4 28. Nd2 Ra4 29. Ra1 Ra2 30. Nxb3 Rxb2 31. Nd4 Nxd4 32. Bxd4 Bxd4+ 33. cxd4 R8b3 34. Ne4 Re3 35. Rfe1 Rf3 36. Rf1 Re3 37. Rae1 Rd3 38. Rf2 Rxf2 39. Nxf2 Rxd4 40. Re4 Rd7 41. Kg2 f6 42. Kf3 Kf7 43. Ra4 Rc7 44. Ne4 Rb7 45. Ra3 Kg7 46. Re3 Rc7 47. Rd3 Ra7 48. Nc5 Kf7 49. gxf6 exf6 50. Ne4 Kg7 51. Rd6 Ra3+ 52. Kf2 Ra4 53. Ke3 Ra3+ 54. Kd4 Ra4+ 55. Kd5 f5 56. Rd7+ Kh6 57. Nd6 Rxf4 58. Ke5 Rf1 59. Kf6 Ra1 60. Rd8 Kh5 61. Rh8+ Kg4 62. Rg8 f4 63. Rxg6+ Kf3 64. Nf5 Ra6+ 65. Kg5 Rxg6+ 66. Kxg6 Kg4 67. Nd4 f3 68. Nxf3 1/2-1/2

[Event "December 19 Late 2023"]
[Site "https://www.chess.com"]
[Date "2023.12.19"]
[Round "4"]
[White "Grutter, Tim"]
[Black "Gokerkan, Cem Kaan"]
[Result "0-1"]
[Board "26"]
[TimeControl "180+1"]
[WhiteFideId "1057472"]
[BlackFideId "6336760"]
[WhiteElo "2303"]
[BlackElo "2365"]
[WhiteTeam "NED"]
[BlackTeam "TUR"]
[WhiteClock "0:00:10"]
[BlackClock "0:00:44"]

1. e4 e5 2. Nc3 Nf6 3. Nf3 Nc6 4. h3 g6 5. g3 Bg7 6. Bg2 O-O 7. O-O d6 8. d3 Nh5 9. Be3 h6 10. d4 exd4 11. Nxd4 Bd7 12. Qd2 Kh7 13. Nxc6 Bxc6 14. Bd4 Re8 15. Rad1 Bxd4 16. Qxd4 Qg5 17. Kh2 Re7 18. Rfe1 a6 19. Qd3 Rae8 20. f4 Qc5 21. Rd2 Nf6 22. Rde2 b5 23. a3 a5 24. e5 Bxg2 25. exf6 Rxe2 26. Rxe2 Rxe2 27. Qxe2 Bc6 28. Ne4 Qd5 0-1

[Event "December 19 Late 2023"]
[Site "https://www.chess.com"]
[Date "2023.12.19"]
[Round "4"]
[White "Boruchovsky, Avital"]
[Black "Novak, Ratko"]
[Result "1-0"]
[Board "27"]
[TimeControl "180+1"]
[WhiteFideId "2800055"]
[BlackFideId "14511827"]
[WhiteElo "2450"]
[BlackElo "2036"]
[WhiteTeam "ISR"]
[BlackTeam "CRO"]
[WhiteClock "0:00:47"]
[BlackClock "0:00:36"]

1. Nf3 d5 2. g3 c5 3. Bg2 Nc6 4. d4 f6 5. c4 dxc4 6. d5 Na5 7. O-O e5 8. dxe6 Qxd1 9. Rxd1 Bxe6 10. Nc3 a6 11. Nd5 Bxd5 12. Rxd5 Ne7 13. Rxc5 Nec6 14. Rd5 Rd8 15. Rxd8+ Kxd8 16. Be3 Kc7 17. Rc1 Bd6 18. Nd4 Nxd4 19. Bxd4 Be5 20. Bxe5+ fxe5 21. b4 Nc6 22. Rxc4 Rd8 23. Be4 Rd2 24. a4 Rxe2 25. b5 axb5 26. axb5 Rxe4 27. Rxe4 Na7 28. Rxe5 Kd6 29. Rf5 Ke6 30. Rc5 Kd6 31. Rf5 Ke6 32. g4 g6 33. b6 Nc8 34. Rc5 Nxb6 35. Rc7 Nd7 36. Rxb7 h5 37. gxh5 gxh5 38. Kg2 Ne5 39. Kg3 Kf5 40. Rb5 Kf6 41. Rxe5 Kxe5 42. Kh4 Kf4 43. Kxh5 Kf3 44. h4 Kxf2 45. Kg5 Kf3 46. h5 1-0

[Event "December 19 Late 2023"]
[Site "https://www.chess.com"]
[Date "2023.12.19"]
[Round "4"]
[White "Crasyhealer"]
[Black "FontVella8"]
[Result "1-0"]
[Board "28"]
[TimeControl "180+1"]
[WhiteElo "2445"]
[BlackElo "2830"]
[WhiteClock "0:00:16"]
[BlackClock "0:00:11"]

1. c4 e6 2. d4 d5 3. Nc3 Nf6 4. Nf3 c5 5. cxd5 Nxd5 6. e4 Nxc3 7. bxc3 cxd4 8. cxd4 Bb4+ 9. Bd2 Bxd2+ 10. Qxd2 O-O 11. Bc4 Nd7 12. O-O b6 13. d5 Nf6 14. dxe6 Bxe6 15. Bxe6 fxe6 16. Qc2 Rc8 17. Qb3 Qe7 18. Nd4 Rfe8 19. Rfe1 Kh8 20. Rad1 h6 21. e5 Nh7 22. Nb5 Red8 23. Nd6 Rb8 24. Rc1 Nf8 25. Qf3 Kg8 26. Qg3 Rd7 27. Ne4 Nh7 28. Nf6+ Nxf6 29. exf6 Qd8 30. Rcd1 Rc8 31. Rd6 Rcc7 32. Rdxe6 Kh7 33. f7 Rd1 34. Qg6+ Kh8 35. Re8+ 1-0

[Event "December 19 Late 2023"]
[Site "https://www.chess.com"]
[Date "2023.12.19"]
[Round "4"]
[White "Derakhshani, Borna"]
[Black "Nakamura, Hikaru"]
[Result "0-1"]
[Board "29"]
[TimeControl "180+1"]
[WhiteFideId "12518450"]
[BlackFideId "2016192"]
[WhiteElo "2286"]
[BlackElo "2874"]
[WhiteTeam "ENG"]
[BlackTeam "USA"]
[WhiteClock "0:00:07"]
[BlackClock "0:02:05"]

1. e4 c6 2. Nf3 d5 3. Nc3 Bg4 4. h3 Bh5 5. exd5 cxd5 6. d4 Nc6 7. Be3 e6 8. Be2 Bd6 9. Nb5 Bb8 10. c3 Nf6 11. Qc1 O-O 12. Bf4 a6 13. Na3 Ne4 14. Nc2 f5 15. h4 Qb6 16. Bxb8 Raxb8 17. Ng5 Bxe2 18. Kxe2 e5 19. Rd1 Qb5+ 20. Ke1 Rbe8 21. a4 Qb6 22. Kf1 h6 23. Nf3 Na5 24. Ra2 Nc4 25. Ne3 exd4 26. Nxc4 Qb3 27. Ra3 Qxc4+ 28. Kg1 d3 29. Qe3 Nc5 30. Qd4 Re4 31. Qxc4 dxc4 32. g3 Nb3 33. Nd2 Nxd2 34. Rxd2 Re1+ 35. Kg2 Rfe8 36. b3 R8e2 37. Raa2 Rxd2 38. Rxd2 b5 39. axb5 axb5 40. bxc4 bxc4 41. Ra2 Rc1 0-1

[Event "December 19 Late 2023"]
[Site "https://www.chess.com"]
[Date "2023.12.19"]
[Round "4"]
[White "Titus, Andrew"]
[Black "Fedoseev, Vladimir"]
[Result "0-1"]
[Board "30"]
[TimeControl "180+1"]
[WhiteFideId "2059770"]
[BlackFideId "24130737"]
[WhiteElo "2061"]
[BlackElo "2719"]
[WhiteTeam "USA"]
[BlackTeam "SLO"]
[WhiteClock "0:00:06"]
[BlackClock "0:01:32"]

1. e4 e5 2. Nf3 Nc6 3. Bb5 Nf6 4. O-O Nxe4 5. d4 Nd6 6. dxe5 Nxb5 7. a4 d6 8. e6 fxe6 9. axb5 Ne7 10. Nc3 Ng6 11. Ng5 Be7 12. Qh5 Bxg5 13. Bxg5 Qd7 14. f4 O-O 15. g4 Qf7 16. f5 exf5 17. Be3 Ne5 18. Qxf7+ Rxf7 19. gxf5 Bxf5 20. Nd5 g6 21. Rxa7 Rxa7 22. Bxa7 c6 23. Ne3 Be4 24. Rxf7 Kxf7 25. c4 c5 26. Bb6 Ke6 27. Ba5 Nd3 28. Bc3 h5 29. h4 Ne5 30. Kf2 Bd3 31. b3 Be4 32. Kg3 Nd3 33. Nf1 Nc1 34. Bd2 Nxb3 35. Bg5 Na5 36. Ne3 Bd3 37. Kf4 Nxc4 38. b6 Nxb6 0-1

[Event "December 19 Late 2023"]
[Site "https://www.chess.com"]
[Date "2023.12.19"]
[Round "4"]
[White "Cobysters"]
[Black "Bortnyk, Mykola"]
[Result "0-1"]
[Board "31"]
[TimeControl "180+1"]
[BlackFideId "14120836"]
[WhiteElo "2587"]
[BlackElo "2592"]
[BlackTeam "UKR"]
[WhiteClock "0:01:21"]
[BlackClock "0:00:49"]

1. c4 e5 2. Nc3 Nf6 3. g3 c6 4. Nf3 e4 5. Nd4 d5 6. cxd5 cxd5 7. d3 Bc5 8. Nb3 Bb4 9. Bg2 d4 10. a3 Bxc3+ 11. bxc3 dxc3 12. dxe4 Qxd1+ 13. Kxd1 O-O 14. Kc2 Be6 15. Rb1 Nc6 16. Be3 Ng4 17. Bc5 Rfd8 18. Rhd1 b6 19. Be3 Nxe3+ 20. fxe3 Ne5 21. Nd4 Ng4 22. Rd3 Rac8 23. h3 Nxe3+ 24. Rxe3 Rxd4 25. Rxc3 Rxc3+ 26. Kxc3 Rc4+ 27. Kb2 Kf8 28. Rc1 Rxc1 29. Kxc1 f6 30. Kd2 Ke7 31. Kc3 Kd6 32. Kd4 a5 33. e3 b5 34. Bf1 b4 35. axb4 axb4 36. h4 h6 37. Bd3 Ba2 38. Be2 Bb1 39. Bf3 Bc2 40. Kc4 b3 41. Kc3 Ke5 42. g4 Bxe4 43. Bd1 Bc2 44. Bf3 Be4 45. Bd1 Bd5 46. Be2 Ke4 47. Bd3+ Kxe3 48. Bg6 Kf4 49. Bf5 Kg3 50. h5 Kf4 51. Kb2 Kg5 52. Kc3 Bf3 53. Kxb3 Bxg4 54. Bb1 Bxh5 55. Kc3 Bg6 56. Ba2 h5 57. Kd2 Kf4 58. Ke2 Be4 59. Kf2 g5 60. Bf7 h4 61. Bh5 f5 62. Be2 g4 63. Kg1 Kg3 64. Bf1 h3 65. Bg2 h2+ 66. Kf1 Bxg2+ 67. Ke2 h1=Q 68. Ke3 0-1

[Event "December 19 Late 2023"]
[Site "https://www.chess.com"]
[Date "2023.12.19"]
[Round "4"]
[White "Makarian, Rudik"]
[Black "Estrada Nieto, Julian"]
[Result "1-0"]
[Board "32"]
[TimeControl "180+1"]
[WhiteFideId "44105681"]
[BlackFideId "5101018"]
[WhiteElo "2540"]
[BlackElo "2161"]
[WhiteTeam "FID"]
[BlackTeam "ESP"]
[WhiteClock "0:00:20"]
[BlackClock "0:00:00"]

1. a3 d5 2. b4 Nf6 3. Bb2 Bf5 4. Nf3 e6 5. g3 h6 6. Bg2 Nbd7 7. d3 Bd6 8. Nbd2 O-O 9. c4 c6 10. O-O a5 11. Bc3 Qe7 12. Qb3 e5 13. bxa5 d4 14. Bb4 c5 15. Nh4 Bg4 16. h3 Be6 17. Rfb1 Ra7 18. Qb2 cxb4 19. axb4 g5 20. Nhf3 Bf5 21. c5 Bc7 22. Nc4 Qe6 23. b5 Nxc5 24. b6 Bxb6 25. Qxb6 Qxb6 26. axb6 Rxa1 27. Rxa1 Nfd7 28. g4 Be6 29. Nfxe5 Bxc4 30. Nxc4 Re8 31. Bf3 Re6 32. Ra8+ Kg7 33. Rc8 Na4 34. Rd8 Ndxb6 35. Nxb6 Nxb6 36. Rxd4 Re7 37. Rb4 Nc8 38. Rxb7 Rxb7 39. Bxb7 Nd6 40. Bf3 Kf6 41. e3 Ke5 42. d4+ Ke6 43. Bd1 f6 44. Bb3+ Ke7 45. Kg2 Nb5 46. Kf3 Nc3 47. Bc2 Na2 48. Ke4 Nb4 49. Bb3 Kd6 50. Kf5 Ke7 51. Kg6 Nd3 52. f3 Nf2 53. Kxh6 Nxh3 54. Kg6 Ng1 55. Bd1 Nh3 56. Kf5 Nf2 57. Bc2 Nh1 58. Bd3 Nf2 59. Bc2 Nh1 60. Ke4 Kd6 61. f4 Ng3+ 62. Kf3 Nf1 63. fxg5 fxg5 64. e4 Nd2+ 65. Ke3 Nc4+ 66. Kd3 Nb6 67. e5+ Ke7 68. Bb3 Nd7 69. Ke4 Nf8 70. Kf5 Nd7 71. Kxg5 Nb6 72. Kf5 Nd7 73. g5 Nf8 74. d5 Nh7 75. d6+ Kf8 76. g6 Kg7 77. d7 Nf8 78. d8=Q 1-0

[Event "December 19 Late 2023"]
[Site "https://www.chess.com"]
[Date "2023.12.19"]
[Round "4"]
[White "Przybylski, Wojciech"]
[Black "Esipenko, Andrey"]
[Result "0-1"]
[Board "33"]
[TimeControl "180+1"]
[WhiteFideId "1117599"]
[BlackFideId "24175439"]
[WhiteElo "2203"]
[BlackElo "2615"]
[WhiteTeam "POL"]
[BlackTeam "FID"]
[WhiteClock "0:00:01"]
[BlackClock "0:00:10"]

1. e4 Nc6 2. Nf3 d6 3. d4 Nf6 4. Nc3 g6 5. Bc4 Bg7 6. O-O O-O 7. Re1 e5 8. dxe5 Nxe5 9. Nxe5 dxe5 10. Qxd8 Rxd8 11. Bg5 c6 12. Rad1 Re8 13. h3 h6 14. Be3 Be6 15. Bxe6 Rxe6 16. a3 Bf8 17. Rd3 b5 18. f3 Kg7 19. Red1 Be7 20. g4 a5 21. Ne2 a4 22. c3 Ne8 23. Rd7 Bf8 24. Nc1 Nd6 25. Nd3 Nc4 26. Bc1 Rd6 27. Ne1 Rxd1 28. Rxd1 Kf6 29. Nc2 Ke6 30. Kf1 Bc5 31. Ke2 h5 32. g5 h4 33. Rf1 Rh8 34. f4 exf4 35. Rxf4 Bd6 36. Nd4+ Ke7 37. Rf6 Rc8 38. Kd1 Ke8 39. Kc2 Be5 40. Rxc6 Rxc6 41. Nxc6 Kd7 42. Nb4 f6 43. gxf6 Bxf6 44. b3 axb3+ 45. Kxb3 Ke6 46. a4 Na5+ 47. Ka3 bxa4 48. Kxa4 Nb7 49. Nd3 Bxc3 50. Nf4+ Kf7 51. Nd5 Bf6 52. Be3 Nd6 53. Kb3 Nxe4 54. Kc2 Ke6 55. Nf4+ Kf5 56. Ng2 g5 57. Kd3 Be5 58. Ke2 Ng3+ 59. Kf3 Nh5 60. Bd2 Bd4 61. Be3 Bc3 62. Bc1 Bd4 63. Be3 Be5 64. Bc1 Bf4 65. Bxf4 Nxf4 66. Ne3+ Kg6 67. Kg4 Nd3 68. Nc4 Nf2+ 69. Kf3 Nxh3 70. Kg4 Nf2+ 71. Kf3 Nd3 72. Kg4 Kf6 73. Kf3 Ne5+ 74. Nxe5 Kxe5 75. Kg4 Ke4 76. Kh3 Kf3 77. Kh2 Kf2 78. Kh3 Kg1 79. Kg4 Kg2 80. Kxg5 h3 0-1

[Event "December 19 Late 2023"]
[Site "https://www.chess.com"]
[Date "2023.12.19"]
[Round "4"]
[White "Sanal, Vahap"]
[Black "Postlmayer, Jakob"]
[Result "1-0"]
[Board "34"]
[TimeControl "180+1"]
[WhiteFideId "6300545"]
[BlackFideId "1643622"]
[WhiteElo "2637"]
[BlackElo "2337"]
[WhiteTeam "TUR"]
[BlackTeam "AUT"]
[WhiteClock "0:00:23"]
[BlackClock "0:00:00"]

1. e4 c6 2. Nf3 d5 3. d3 Qc7 4. Nc3 dxe4 5. Nxe4 Nf6 6. Qe2 Nxe4 7. Qxe4 Qa5+ 8. Bd2 Qf5 9. O-O-O Na6 10. Ne1 Nc5 11. Qxf5 Bxf5 12. d4 Ne4 13. Be3 e6 14. Bd3 Nd6 15. Nf3 Be7 16. Rhe1 O-O-O 17. Ne5 Bxd3 18. Rxd3 Bf6 19. Ng4 Nf5 20. Nxf6 gxf6 21. g4 Ne7 22. Bd2 Rhg8 23. h3 f5 24. f3 Rg6 25. a4 a6 26. a5 Kd7 27. c4 Rh8 28. Kc2 fxg4 29. fxg4 h5 30. g5 Rc8 31. b4 Nf5 32. Kc3 Nd6 33. Rf3 Ke7 34. Bf4 Nf5 35. Bc1 Nd6 36. Kb3 Kd7 37. Re2 Nf5 38. Re4 Nd6 39. Re5 Nf5 40. Kc3 Nd6 41. Kd3 Rd8 42. d5 cxd5 43. cxd5 Re8 44. Bf4 Nb5 45. Kd2 exd5 46. Rxd5+ Kc6 47. Rc5+ Kd7 48. Rd3+ Ke7 49. Re5+ Re6 50. Rxe6+ Kxe6 51. Re3+ Kd7 52. Rf3 Re4 53. Be3 Ke8 54. Rf6 Rxb4 55. Rb6 1-0

[Event "December 19 Late 2023"]
[Site "https://www.chess.com"]
[Date "2023.12.19"]
[Round "4"]
[White "Kamsky, Gata"]
[Black "Spata, German"]
[Result "1-0"]
[Board "35"]
[TimeControl "180+1"]
[WhiteFideId "2000024"]
[BlackFideId "113026"]
[WhiteElo "2660"]
[BlackElo "2260"]
[WhiteTeam "USA"]
[BlackTeam "ARG"]
[WhiteClock "0:00:45"]
[BlackClock "0:00:00"]

1. d4 d5 2. Bf4 Bf5 3. e3 c6 4. c4 e6 5. Nc3 Qb6 6. Qb3 dxc4 7. Bxc4 Nf6 8. Nf3 Nbd7 9. O-O Be7 10. Rfe1 Ne4 11. Nxe4 Bxe4 12. Nd2 Bd5 13. e4 Qxb3 14. axb3 Bxc4 15. Nxc4 O-O 16. Red1 Bb4 17. f3 Nb6 18. Na5 Bxa5 19. Rxa5 a6 20. Kf2 f6 21. Bc7 Nd7 22. Ke2 Rfc8 23. Bg3 Kf7 24. h4 Re8 25. h5 Rad8 26. Bc7 Rc8 27. Bd6 Red8 28. g4 h6 29. Raa1 e5 30. dxe5 Nxe5 31. Bc5 Ke8 32. f4 Rxd1 33. Rxd1 Nd7 34. Bb4 c5 35. Bc3 Ke7 36. Ke3 Rc6 37. g5 Rd6 38. Rg1 1-0

[Event "December 19 Late 2023"]
[Site "https://www.chess.com"]
[Date "2023.12.19"]
[Round "4"]
[White "Pulpan, Jakub"]
[Black "Gabuzyan, Hovhannes"]
[Result "1-0"]
[Board "36"]
[TimeControl "180+1"]
[WhiteFideId "302759"]
[BlackFideId "13303732"]
[WhiteElo "2501"]
[BlackElo "2486"]
[WhiteTeam "CZE"]
[BlackTeam "ARM"]
[WhiteClock "0:00:13"]
[BlackClock "0:00:31"]

1. Nf3 Nf6 2. b3 b6 3. g3 Bb7 4. Bg2 e6 5. Bb2 Be7 6. O-O O-O 7. c4 c5 8. Nc3 d5 9. cxd5 Nxd5 10. Rc1 Nd7 11. d4 N7f6 12. Nxd5 Bxd5 13. dxc5 Bxc5 14. Ne5 Bxg2 15. Kxg2 Qe7 16. Qd3 Qb7+ 17. Qf3 Qxf3+ 18. Kxf3 Nd5 19. Nd7 Rfc8 20. Nxc5 bxc5 21. Rfd1 f5 22. e4 fxe4+ 23. Kxe4 a5 24. Rc4 Nb6 25. Rc2 a4 26. Rd6 Nd5 27. Rd7 Nf6+ 28. Bxf6 gxf6 29. Re7 Rab8 30. bxa4 Rb4+ 31. Kf3 Rxa4 32. Rb2 h5 33. Rxe6 Kf7 34. Rbb6 c4 35. Rxf6+ Ke7 36. Rbe6+ Kd7 37. Rd6+ Ke7 38. Rfe6+ Kf7 39. Rc6 Rd8 40. Re4 Rd3+ 41. Kg2 Rc3 42. h4 Rc2 43. a3 Rc1 44. Rc5 Kf6 45. Rxh5 Rxa3 46. Rc5 c3 47. h5 c2 48. Rec4 Ra2 49. Rc6+ Kg7 50. h6+ Kh7 51. g4 Raa1 52. Rxc2 Rg1+ 53. Kf3 Ra3+ 54. R2c3 Rxc3+ 55. Rxc3 Kxh6 56. Rc5 Kg6 57. Kf4 Ra1 58. Rc6+ Kg7 59. Kg3 Rg1+ 60. Kf4 Ra1 61. f3 Ra5 62. Kg3 Ra4 63. Rb6 Kf7 64. f4 Kg7 65. f5 Kf7 66. Kh4 Ra1 67. Kg5 Ra7 68. Rh6 Kg7 69. f6+ Kg8 70. Rg6+ Kh7 71. Rh6+ Kg8 72. Rh1 Ra4 73. Kf5 Ra5+ 74. Kg6 Ra7 75. f7+ Rxf7 76. Rh8+ Kxh8 77. Kxf7 Kh7 78. g5 Kh8 79. Kg6 Kg8 80. Kh6 Kh8 81. g6 Kg8 82. g7 1-0